 Dungeon Crawl Stone Soup version 0.25-a0-425-g0e000e855e (webtiles) character file.

Game seed: 4243450581215574208, levelgen mode: deterministic

53 Nattfarinn the Sneak (level 3, -6/16 HPs)
             Began as a Spriggan Enchanter on Jan 24, 2020.
             Killed from afar by an orc wizard (13 damage)
             ... with a puff of frost
             ... on level 2 of the Dungeon.
             The game lasted 00:04:43 (1575 turns).

Nattfarinn the Sneak (Spriggan Enchanter)           Turns: 1575, Time: 00:04:43

Health: -6/16      AC:  2    Str:  4    XL:     3   Next: 64%
Magic:  0/8        EV: 19    Int: 17    God:
Gold:   24         SH:  0    Dex: 20    Spells: 2/8 levels left

rFire    . . .     SeeInvis +   a - +1 dagger
rCold    . . .     Gourm    .   (shield restricted)
rNeg     . . .     Faith    .   b - +0 robe
rPois    .         Spirit   +   (helmet restricted)
rElec    .         Reflect  .   (no cloak)
rCorr    .         Harm     .   (gloves unavailable)
MR       .....                  (boots unavailable)
Stlth    ++++......             k - amulet of guardian spirit
HPRegen  0.05/turn              g - +4 ring of dexterity
MPRegen  0.11/turn              n - ring of stealth

@: very quick
A: very small, unfitting armour, see invisible, herbivore, speed 3, slow
metabolism 2
a: no special abilities


You were on level 2 of the Dungeon.
You were not hungry.

You visited 1 branch of the dungeon, and saw 2 of its levels.

You collected 24 gold pieces.

Inventory:

Hand Weapons
 a - a +1 dagger (weapon)
Armour
 b - a +0 robe (worn)
Jewellery
 g - a +4 ring of dexterity (left hand)
 k - an amulet of guardian spirit (around neck)
 n - a ring of stealth (right hand)
Scrolls
 c - 4 scrolls of identify {unknown}
 e - a scroll of immolation {unknown}
 f - a scroll of fear {unknown}
 l - 2 scrolls of teleportation {unknown}
 m - a scroll of random uselessness {unknown}
Potions
 h - a potion of might {unknown}
 i - 2 potions of lignification {unknown}
 j - a potion of curing {unknown}
Comestibles
 d - 2 rations


   Skills:
 + Level 1.7 Short Blades
 + Level 3.5 Dodging
 * Level 5.5 Stealth
 + Level 3.3 Spellcasting
 + Level 4.0 Hexes


You had 2 spell levels left.
You knew the following spells:

 Your Spells              Type           Power        Failure   Level  Hunger
a - Corona                Hex            ###....      3%          1    None
b - Ensorcelled Hibernat  Hex/Ice        #.....       11%         2    ##.....
c - Tukima's Dance        Hex            ###.....     10%         3    ###....

Your spell library contained the following spells:

 Spells                   Type           Power        Failure   Level  Hunger
 Confusing Touch          Hex            ###.....     10%         3    ###....
 Dazzling Flash           Conj/Hex       #.....       22%         3    ###....


Dungeon Overview and Level Annotations

Branches:
Dungeon (2/15)

Altars:
Ru


Innate Abilities, Weirdness & Mutations

You are very small and have problems with some larger weapons.
You are too small for most types of armour.
You have supernaturally acute eyesight. (SInv)
You are a herbivore.
You cover ground extremely quickly.
You need to consume almost no food.


Message History

You are too injured to fight recklessly!
You are too injured to fight recklessly!
Unknown command.
An orc priest comes into view.
It is wielding a +2 short sword of electrocution.
The orc wizard points at you and mumbles some strange words.
The puff of frost misses you.
Casting: Tukima's Dance (safe; 10% risk of failure)
Confirm with . or Enter, or press ? or * to list all spells.
Aiming: Tukima's Dance (safe; 10% risk of failure)
Press: ? - help, Shift-Dir - straight line, f - orc, p - orc wizard
Aim: an orc, wielding a +0 flail (chance to defeat MR: 71%)
The orc struggles to resist.
Casting: Tukima's Dance (safe; 10% risk of failure)
Confirm with . or Enter, or press ? or * to list all spells.
You don't have enough magic to cast that spell.
There is a stone staircase leading down here.
The orc wizard gestures at you while chanting.
The puff of frost hits you!
Ouch! That really hurt!
You die...

.....####......o..# .#
.......(..........# #.#
..................### ..#
...............o#S..##.## .#
.......(.........##.....# #.#
...............#.##.....#...
..#.............>##.....#.#
...............#..........#
...#............@###.....##
.................###.....####
....#.............#.........#
#..##....................##..
#..#.....................# $
#.........÷..............####
#........)..................#
................)÷.......##.#
.................<..[....# #


You could see an orc wizard and an adder.

Vanquished Creatures
  2 adders
  A worm (D:2)
  2 leopard geckos (D:1)
  2 ball pythons
  3 bats
  2 goblins
  6 hobgoblins
  A quokka (D:2)
  4 frilled lizards
  2 kobolds
  7 rats
32 creatures vanquished.

Vanquished Creatures (others)
  A dancing weapon (D:2)
1 creature vanquished.

Grand Total: 33 creatures vanquished

Notes
Turn   | Place    | Note
-------+----------+-------------------------------------------
     0 | D:1      | Nattfarinn the Spriggan Enchanter began the quest for the
                  | Orb.
     0 | D:1      | Reached XP level 1. HP: 9/9 MP: 5/5
   133 | D:1      | Reached XP level 2. HP: 13/13 MP: 4/6
   313 | D:1      | Learned a level 2 spell: Ensorcelled Hibernation
   632 | D:1      | Reached skill level 5 in Stealth
   922 | D:2      | Reached XP level 3. HP: 16/16 MP: 8/8
  1456 | D:2      | Found a sacrificial altar of Ru.
  1553 | D:2      | Learned a level 3 spell: Tukima's Dance
  1575 | D:2      | Killed from afar by an orc wizard

Levels and vault maps discovered:
D:1:      saegor_arrival_under_anarchy, layout_basic
D:2:      layout_rooms, lemuel_coloured_pillars_altar, first_ration

Skill      XL: |  1  2  3 |
---------------+----------+-----
Spellcasting   | 3 |  3.3
Stealth        | 5 |  5.5
Hexes          | 4 |  4.0
Short Blades   | |  1.7
Dodging        | |  3.5

Action                   || total
-------------------------++-------
Melee: Dagger            ||   104
 Cast: Corona            ||     5
       Ensorcelled Hiber ||    18
       Tukima's Dance    ||     2
 Stab: Sleeping          ||    18
Armor: Robe              ||    13
Dodge: Dodged            ||   101

Table legend:
 A = Non-vault XP
 B = Vault XP
 C = Vault XP percentage of total XP
 D = Non-vault monster count
 E = Vault monster count
 F = Vault count percentage of total count
                 A         B        C        D         E       F
            +---------+---------+-------+---------+---------+-------
      Total |      77 |       0 |   0.0 |      32 |       0 |   0.0
            +---------+---------+-------+---------+---------+-------
        D:1 |      46 |       0 |   0.0 |      21 |       0 |   0.0
        D:2 |      31 |       0 |   0.0 |      11 |       0 |   0.0
            +---------+---------+-------+---------+---------+-------
